 Dungeon Crawl Stone Soup version 0.24-a0-512-g2b48af375b (webtiles) character file.

Game seed: 1793106205233331276

42 Mithandil the Conjurer (level 3, -1/19 HPs)
             Began as a Deep Elf Conjurer on July 19, 2019.
             Slain by a jackal (2 damage)
             ... on level 1 of the Dungeon on July 20, 2019.
             The game lasted 00:12:25 (1524 turns).

Mithandil the Conjurer (Deep Elf Conjurer)          Turns: 1524, Time: 00:12:25

Health: -1/19      AC:  3    Str:  5    XL:     3   Next: 35%
Magic:  1/10       EV: 12    Int: 20    God:
Gold:   40         SH:  0    Dex: 15    Spells: 8/9 levels left

rFire    . . .     SeeInvis .   a - +0 dagger
rCold    . . .     Gourm    .   (no shield)
rNeg     . . .     Faith    .   l - +0 leather armour (curse)
rPois    .         Spirit   .   (no helmet)
rElec    .         Reflect  .   (no cloak)
rCorr    .         Harm     .   (no gloves)
MR       .....                  (no boots)
Stlth    ++........             (no amulet)
HPRegen  0.06/turn              (no ring)
MPRegen  0.12/turn              (no ring)

@: no status effects
A: no striking features
a: no special abilities


You were on level 1 of the Dungeon.
You were not hungry.

You visited 1 branch of the dungeon, and saw 2 of its levels.

You collected 40 gold pieces.

Inventory:

Hand Weapons
 a - a +0 dagger (weapon)
 n - a +0 short sword
Armour
 k - a +0 leather armour
 l - a cursed +0 leather armour (worn)
Scrolls
 e - 2 scrolls of identify {unknown}
 i - a scroll of remove curse {unknown}
 j - a scroll of fear {unknown}
Potions
 b - 2 potions of haste {unknown}
 f - a potion of degeneration {unknown}
 g - a potion of might {unknown}
 h - a potion of lignification {unknown}
 m - a potion of resistance {unknown}
Comestibles
 c - 5 rations
 d - 3 chunks of flesh


   Skills:
 * Level 3.0 Dodging
 + Level 2.8 Stealth
 * Level 3.8 Spellcasting
 * Level 4.9 Conjurations


You had 8 spell levels left.
You knew the following spells:

 Your Spells              Type           Power        Failure   Level  Hunger
a - Magic Dart            Conj           ###.         3%          1    None

Your spell library contained the following spells:

 Spells                   Type           Power        Failure   Level  Hunger
 Searing Ray              Conj           ###...       4%          2    ##.....
 Dazzling Spray           Conj/Hex       ##....       24%         3    ###....
 Iskenderun's Mystic Bla  Conj           ###.....     28%         4    ####...
 Force Lance              Conj/Tloc      ##......     61%         4    ####...
 Fulminant Prism          Conj/Hex       ##........   61%         4    ####...


Dungeon Overview and Level Annotations

Branches:
Dungeon (2/15)

Altars:


Message History

The jackal bites you but does no damage.
Casting: Magic Dart (safe; 3% risk of failure)
Confirm with . or Enter, or press ? or * to list all spells.
Aiming: Magic Dart (safe; 3% risk of failure)
Press: ? - help, Shift-Dir - straight line, f/p - jackal
Aim: a jackal (lightly wounded)
The magic dart hits the jackal but does no damage.
The jackal is lightly wounded.
The jackal barely misses you.
The jackal bites you but does no damage.
Casting: Magic Dart (safe; 3% risk of failure)
Confirm with . or Enter, or press ? or * to list all spells.
Aiming: Magic Dart (safe; 3% risk of failure)
Press: ? - help, Shift-Dir - straight line, f/p - jackal
Aim: a jackal (lightly wounded)
The magic dart hits the jackal but does no damage.
The jackal is lightly wounded.
The jackal bites you but does no damage.
The jackal bites you.
You die...

#..........##..#.#......P.....
#.......)......#.#............
#..........##.##.#......<.....
###......#.................... ##
#......#..#.####......P..... .#
#....................P≈P.... .#
#.....###...###.....P≈≈≈P... .#
#.....###...#......P≈≈≈≈≈P.. .#
#..........@#.#.#.P≈≈≈≈≈≈≈P. .#
###.........hh#.#.#P≈≈≈≈≈≈≈≈≈P
.###...#.######†.#.#.############
.......#........>#.#.# #.......#
[......#####....(#.#.###.#####.#
...........#.#####.#.....# #.#
.......#.###.# #.###########.#
.......#.....# #....)........#
.......####### ###############


You could see 2 jackals.

Vanquished Creatures
  A dart slug (D:1)
  A leopard gecko (D:1)
  2 giant cockroaches (D:1)
  7 goblins (D:1)
  3 hobgoblins (D:1)
  7 jackals
  3 kobolds (D:1)
  2 bats (D:1)
  4 frilled lizards (D:1)
  6 rats
36 creatures vanquished.

Notes
Turn   | Place    | Note
-------+----------+-------------------------------------------
     0 | D:1      | Mithandil the Deep Elf Conjurer began the quest for the
                  | Orb.
     0 | D:1      | Reached XP level 1. HP: 10/10 MP: 6/6
   315 | D:1      | Reached XP level 2. HP: 15/15 MP: 6/8
   733 | D:1      | Reached XP level 3. HP: 19/19 MP: 5/10
  1306 | D:1      | Upgraded the game from 0.24-a0-507-g3e8b242632 to
                  | 0.24-a0-512-g2b48af375b
  1524 | D:1      | Slain by a jackal

Levels and vault maps discovered:
D:1:      eino_arrival_druids_welcome, layout_basic
D:2:      layout_loops_corners, chequers_temple_overflow_statue_of_worship,
          uniq_jessica

Skill      XL: |  1  2 |
---------------+-------+-----
Dodging        | 3 |  3.0
Stealth        | |  2.8
Spellcasting   | |  3.8
Conjurations   | |  4.9

Action                   || total
-------------------------++-------
Melee: Club              ||     3
       Dagger            ||     1
 Cast: Magic Dart        ||    74
  Eat: Chunk             ||     2
Armor: Leather armour    ||    12
Dodge: Dodged            ||    34

Table legend:
 A = Non-vault XP
 B = Vault XP
 C = Vault XP percentage of total XP
 D = Non-vault monster count
 E = Vault monster count
 F = Vault count percentage of total count
                 A         B        C        D         E       F
            +---------+---------+-------+---------+---------+-------
      Total |      61 |       0 |   0.0 |      36 |       0 |   0.0
            +---------+---------+-------+---------+---------+-------
        D:1 |      58 |       0 |   0.0 |      34 |       0 |   0.0
        D:2 |       3 |       0 |   0.0 |       2 |       0 |   0.0
            +---------+---------+-------+---------+---------+-------
